Map: Port Aleksander LE

Players

ZERATUL - Winner!

  • Race: Protoss Protoss
  • Spawn Location: 5:00

Smileblind

  • Race: Zerg Zerg
  • League: Silver
  • Spawn Location: 11:00

VOD

Have the link to the VOD?

Description

Time

  • Played on: Jan. 16, 2019, 5:28 a.m.
  • Length: 5:22
Show
View Real Time Build Order
Export as new Build Order

ZERATUL Protoss - Winner!

Build Orders:  

Get SALT Encoding   

  12  0:02  Probe  
  13  0:17  Pylon  
  13  0:26  Probe  
  13  0:34  Probe  
  15  0:45  Gateway, Probe  
  16  0:57  Probe  
  17  1:20  Pylon  
  17  1:23  Gateway  
  17  1:33  Zealot  
  19  1:43  Forge  
  19  2:06  Zealot  
  21  2:25  Assimilator  
  21  2:38  Photon Cannon  
  21  2:42  Photon Cannon  
  21  2:46  Zealot x2  
  21  2:49  Probe  
  25  2:57  Probe  
  27  3:07  Probe  
  28  3:52  Cybernetics Core  
  28  3:56  Photon Cannon  
  28  3:59  Photon Cannon  
  28  4:01  Cybernetics Core  
  28  4:05  Assimilator  
  28  4:20  Zealot  
  30  4:54  Zealot  
  30  5:17  Pylon  
Show
View Real Time Build Order
Export as new Build Order

Smileblind Zerg 

Build Orders: Pool Only 

Get SALT Encoding   

  12  0:03  Drone  
  13  0:08  Drone  
  14  0:35  Spawning Pool  
  13  0:37  Drone  
  13  0:42  Overlord  
  14  1:00  Drone x2  
  16  1:13  Drone x2  
  16  1:16  Extractor  
  17  1:25  Queen  
  17  1:31  Drone  
  20  1:33  Extractor  
  20  1:36  Zergling x2  
  20  1:46  Drone  
  21  1:58  Overlord  
  21  2:10  Lair  
  21  2:19  Drone  
  21  2:20  Drone  
  23  2:49  Drone x4  
  23  2:50  Drone  
  28  3:01  Zergling x2  
  21  3:50  Zergling x10  
  26  4:07  Drone  
  20  4:54  Spine Crawler  
  20  4:55  Spine Crawler  
  20  4:59  Spine Crawler  
  11  5:07  Spine Crawler  
Tags
 
League
Silver
Matchup
PvZ
Opening
Pool Only
Spawn Locations
Cross Positions
Add a new tag
Caveats
  • Supply blocks, unpowered buildings, or Contaminate may cause inaccurate times.
  • Supply counts are checked every 10 seconds.